 Dungeon Crawl Stone Soup version 0.30-a0-424-g7412bad402 (webtiles) character file.

Game seed: 8037424674931810955

1976 IdlyInterested the Fighter (level 9, -4/78 HPs)
             Began as a Demonspawn Wanderer on Dec 9, 2022.
             Slain by a killer bee (5 damage)
             ... on level 7 of the Dungeon.
             The game lasted 00:26:52 (6829 turns).

IdlyInterested the Fighter (Demonspawn Wanderer)    Turns: 6829, Time: 00:26:52

Health: -4/78      AC: 11    Str: 16    XL:     9   Next: 0%
Magic:  0/15       EV:  9    Int: 13    God:
Gold:   371        SH:  4    Dex: 12    Spells: 16/16 levels left

rFire   + . .      SeeInvis .    x - +2 spear (venom)
rCold   . . .      Faith    .    d - +0 buckler
rNeg    . . .      Spirit   +    r - +2 scale mail {rF+}
rPois   .          Reflect  .    (helmet restricted)
rElec   .          Harm     .    (no cloak)
rCorr   .          Rampage  .    (no gloves)
Will    .....                    (no boots)
Stlth   ..........               B - amulet of guardian spirit
HPRegen 0.33/turn                (no ring)
MPRegen 0.28/turn                (no ring)

@: lethally poisoned (-4 -> -10)
A: antennae 1, molten scales 2, magic regeneration, dopey 1, evolution 1
a: no special abilities


You were on level 7 of the Dungeon.
You visited 2 branches of the dungeon, and saw 8 of its levels.
You also visited: Sewer.

You collected 371 gold pieces.

Inventory:

Hand Weapons
 f - a +0 dagger
 g - a +0 mace
 s - a +0 war axe
 t - a +0 war axe
 x - a +2 spear of venom (weapon)
 z - a +0 quarterstaff
 H - a +0 trident
 I - a +1 long sword of flaming
Missiles
 c - a throwing net
 o - 2 curare-tipped darts
 u - 12 poisoned darts (quivered)
Armour
 d - a +0 buckler (worn)
 r - a +2 scale mail of fire resistance (worn)
 J - +1 steam dragon scales
Jewellery
 p - a ring of fire
 B - an amulet of guardian spirit (around neck)
Wands
 n - a wand of flame (8)
Scrolls
 k - 2 scrolls of vulnerability
 v - 4 scrolls of teleportation
 y - 2 scrolls of magic mapping
 A - a scroll of immolation
 C - a scroll of blinking
 G - a scroll of enchant armour
Potions
 a - a potion of magic
 b - 3 potions of curing
 e - a potion of might
 h - 3 potions of brilliance
 j - 2 potions of mutation
 q - a potion of attraction
 D - a potion of flight {unknown}
 E - a potion of berserk rage
Miscellaneous
 w - a piece from Xom's chessboard (14/15)


   Skills:
 + Level 9.8 Fighting
 - Level 1.0 Throwing
 - Level 2.0 Armour
 - Level 1.0 Dodging
 - Level 1.0 Stealth
 - Level 2.0 Shields
 - Level 4.0 Spellcasting
 - Level 3.0 Air Magic
 - Level 3.0 Poison Magic
 - Level 2.0 Invocations
 * Level 1.3 Evocations


You had 16 spell levels left.
You didn't know any spells.
Your spell library contained the following spells:

 Spells                   Type           Power      Damage    Failure   Level
 Shock                    Conj/Air       24%        1d4       47%         1
 Sting                    Tmut/Pois      24%        1d4       47%         1
 Cigotuvi's Dreadful Rot  Necr/Pois/Air  14%        N/A       54%         2
 Static Discharge         Conj/Air       12%        2-3/arc   63%         2
 Swiftness                Air            10%        N/A       65%         3
 Mephitic Cloud           Conj/Pois/Air  7%         N/A       78%         3
 Ensorcelled Hibernation  Hex/Ice        4%         N/A       83%         2
 Passwall                 Tmut/Erth      1%         N/A       83%         2
 Vhi's Electric Charge    Tloc/Air       12%        N/A       85%         3
 Kindle Blastsparks       Fire/Tloc/Air  10%        2d10      89%         3
 Portal Projectile        Hex/Tloc       4%         N/A       96%         3
 Tukima's Dance           Hex            2%         N/A       96%         3
 Airstrike                Air            5%         2d(1-17)  96%         4
 Dispel Undead            Necr           2%         3d7       100%        4
 Arcjolt                  Conj/Air       3%         1d13      100%        5
 Blade Hands              Tmut           1%         N/A       100%        5
 Lightning Bolt           Conj/Air       3%         1d14      100%        5
 Death Channel            Necr           1%         N/A       100%        6


Dungeon Overview and Level Annotations

Branches:
Dungeon (7/15)             Temple (1/1) D:6           Sewer (visited)

Altars:
Cheibriados
Dithmenos
Fedhas
Gozag
Hepliaklqana
Kikubaaqudgha
Qazlal
Ru
Uskayaw
Vehumet
Wu Jian
Xom
Yredelemnul


Innate Abilities, Weirdness & Mutations

You have a pair of small antennae on your head.
You are mostly covered in molten scales. (AC +3)
You regenerate magic rapidly.
You are dopey. (Int -2)
You have hidden genetic potential.


Message History

The killer bee stings you.
* * * LOW HITPOINT WARNING * * *
You are more poisoned.
The killer bee poisons you!
The killer bee stings you but does no damage.
You feel better. The killer bee stings you!
* * * LOW HITPOINT WARNING * * *
The killer bee stings you but does no damage.
The killer bee stings you.
* * * LOW HITPOINT WARNING * * *
The killer bee closely misses you.
Unknown command.
You miss the killer bee.
The killer bee is moderately wounded.
The killer bee closely misses you. x2; The killer bee barely misses you.
The killer bee stings you but does no damage.
The killer bee closely misses you. The killer bee barely misses you.
You miss the killer bee.
The killer bee is moderately wounded.
The killer bee closely misses you. x2; The killer bee stings you.
* * * LOW HITPOINT WARNING * * *
You are lethally poisoned!
The killer bee poisons you!
The killer bee stings you but does no damage.
Unknown command.
You hit the killer bee.
The killer bee is heavily wounded.
* * * LOW HITPOINT WARNING * * *
You feel sick.
The killer bee stings you but does no damage.
The killer bee stings you.
* * * LOW HITPOINT WARNING * * *
You are more poisoned.
The killer bee poisons you! The killer bee completely misses you.
The killer bee closely misses you.
You barely miss the killer bee.
The killer bee is heavily wounded.
* * * LOW HITPOINT WARNING * * *
You feel sick. The killer bee stings you.
You die...

.#.._..# ##########.. .#.....#
#... #...#....#.. #.....# #...
#...#....'.. ####### #...
#...#....#.. #... #...#....#..
#... #...#....#.. .>.y
##'#######..
#†#######..........#
#yy@...)).........[#
#.y#....#).........# .
#..#....#..........#
..#########..........# #
#...........######'#.. # ....+
#...........#......#.. # .....#
#...........+......#.. # .....
#...........#......#.. #
#...####+#...........########..


You could see 3 killer bees.

Vanquished Creatures
  Maggie (D:7)
  2 water moccasins
  An ice beast (D:5)
  A sky beast (D:5)
  2 black bears (D:5)
  2 centaurs
  3 bullfrogs
  A scorpion (D:4)
  3 killer bees (D:7)
  2 hounds (D:4)
  2 orc priests
  Terence (D:2)
  6 orc wizards
  3 iguanas
  5 adders
  A shadow imp (D:5)
  A white imp (D:6)
  An ufetubus (D:5)
  2 worms
  5 dart slugs
  22 orcs
  4 ball pythons
  2 bats
  2 endoplasms
  2 giant cockroaches (D:4)
  4 goblins
  6 hobgoblins
  16 jackals
  9 kobolds
  2 quokkas
  A frilled lizard (D:3)
  9 rats
124 creatures vanquished.

Vanquished Creatures (others)
  An orc wizard (D:7)
1 creature vanquished.

Grand Total: 125 creatures vanquished

Notes
Turn   | Place    | Note
-------+----------+-------------------------------------------
     0 | D:1      | IdlyInterested the Demonspawn Wanderer began the quest for
                  | the Orb.
     0 | D:1      | IdlyInterested set off with the following items: a +0 club,
                  | a potion of curing, a +0 robe, a +0 buckler; and the
                  | following spells available to memorise: Shock, Sting,
                  | Mephitic Cloud, Kindle Blastsparks, Airstrike.
     0 | D:1      | Reached XP level 1. HP: 13/13 MP: 3/3
   147 | D:1      | Gained mutation: You are partially covered in molten
                  | scales. (AC +2) [demonic ancestry]
   147 | D:1      | Reached XP level 2. HP: 13/20 MP: 5/5
   233 | D:1      | Reached skill level 1 in Fighting
  1389 | D:2      | Reached XP level 3. HP: 27/27 MP: 6/6
  1572 | D:2      | Noticed Terence
  1588 | D:2      | Killed Terence
  1589 | D:2      | Reached skill level 2 in Fighting
  1905 | D:3      | Reached XP level 4. HP: 13/34 MP: 7/7
  2194 | D:3      | Reached skill level 3 in Fighting
  2286 | D:3      | Found a shadowy altar of Dithmenos.
  2415 | D:3      | Found a faded altar of an unknown god.
  2601 | D:4      | Found a glowing drain.
  2616 | Sewer    | Entered a sewer
  2697 | Sewer    | Noticed a water moccasin
  2721 | Sewer    | Killed a water moccasin
  2722 | Sewer    | Reached skill level 4 in Fighting
  2722 | Sewer    | Gained mutation: You are mostly covered in molten scales.
                  | (AC +3) [demonic ancestry]
  2722 | Sewer    | Reached XP level 5. HP: 27/43 MP: 8/8
  2881 | D:4      | Gained mutation: You have a pair of small antennae on your
                  | head. [demonic ancestry]
  2881 | D:4      | Reached XP level 6. HP: 17/50 MP: 9/9
  2886 | D:4      | Reached skill level 5 in Fighting
  2886 | D:4      | Reached skill level 1 in Throwing
  3031 | D:4      | Gained mutation: You are weak. (Str -2) [potion of
                  | mutation]
  3031 | D:4      | Gained mutation: You are dopey. (Int -2) [potion of
                  | mutation]
  3031 | D:4      | Lost mutation: You are weak. (Str -2) [potion of mutation]
  3250 | D:4      | Reached skill level 1 in Evocations
  3486 | D:4      | Found a snail-covered altar of Cheibriados.
  3638 | D:5      | Entered Level 5 of the Dungeon
  3768 | D:5      | Reached skill level 6 in Fighting
  3768 | D:5      | Reached skill level 1 in Stealth
  3768 | D:5      | Gained mutation: You regenerate magic rapidly. [demonic
                  | ancestry]
  3768 | D:5      | Reached XP level 7. HP: 33/58 MP: 10/10
  3953 | D:5      | Reached skill level 7 in Fighting
  3953 | D:5      | Reached skill level 1 in Dodging
  4345 | D:5      | Reached skill level 1 in Armour
  5127 | D:6      | Reached XP level 8. HP: 37/68 MP: 11/11
  5241 | D:6      | Lost mutation: You are dopey. (Int -2) [potion of mutation]
  5241 | D:6      | Gained mutation: You are dopey. (Int -2) [potion of
                  | mutation]
  5241 | D:6      | Gained mutation: You have hidden genetic potential. [potion
                  | of mutation]
  5292 | D:6      | Reached skill level 8 in Fighting
  5552 | D:6      | Found a staircase to the Ecumenical Temple.
  5573 | Temple   | Entered the Ecumenical Temple
  5913 | D:7      | Found an ancient bone altar of Kikubaaqudgha.
  6036 | D:7      | Found a blossoming altar of Fedhas.
  6325 | D:7      | Noticed Maggie
  6345 | D:7      | Killed Maggie
  6346 | D:7      | Reached skill level 9 in Fighting
  6824 | D:7      | Reached XP level 9. HP: 14/78 MP: 5/15
  6828 | D:7      | HP: 3/78 [poisoned by a killer bee]
  6829 | D:7      | HP: 1/78 [poisoned by a killer bee]
  6829 | D:7      | Slain by a killer bee

Illustrated notes

Levels and vault maps discovered:
D:1:      sevenhm_arrival_forest_fort_large_2, layout_basic
D:2:      layout_loops_ring, uniq_terence
D:3:      layout_rooms, nicolae_dithmenos_the_darkroom,
          chequers_ecumenical_altar_twisty, minmay_fractal_squares_gapless_5
D:4:      layout_cave_pools, kennysheep_slug_shrine, elyvilon_altar_5,
          cheibrodos_sewer_entry_drain
D:5:      layout_basic, minmay_stone_trees_small
D:6:      layout_cave_pools, minmay_temple_entry_large_hall
D:7:      layout_gridville, tgw_kikubaaqudgha, kennysheep_little_box,
          uniq_maggie
Temple:   chequers_temple_sunken

Skill      XL: |  1  2  3  4  5  6  7  8 |
---------------+-------------------------+-----
Air Magic      | 3 |  3.0
Shields        | 2 |  2.0
Fighting       | 1 2 4 6 7 9 |  9.8
Invocations    | 2 |  2.0
Poison Magic   | 3 |  3.0
Throwing       | 1 |  1.0
Evocations     | 1 |  1.3
Stealth        | 1 |  1.0
Dodging        | 1 |  1.0
Armour         | 1 2 |  2.0
Spellcasting   | 4 |  4.0

Action                   |  1- 3 |  4- 6 |  7- 9 || total
-------------------------+-------+-------+-------++-------
Melee: Club              |    12 |       |       ||    12
       Mace              |   118 |     8 |       ||   126
       War axe           |       |   222 |   117 ||   339
       Spear             |       |       |   150 ||   150
Throw: Dart              |       |     2 |       ||     2
Evoke: Piece from Xom's  |       |     5 |     2 ||     7
  Use: Scroll            |     4 |     9 |     3 ||    16
       Potion            |       |     7 |     4 ||    11
 Stab: Invisible         |       |     1 |       ||     1
Armor: Robe              |    24 |       |       ||    24
       Leather armour    |    15 |       |       ||    15
       Scale mail        |    18 |   197 |   225 ||   440
       Chain mail        |     6 |       |       ||     6
Dodge: Dodged            |    88 |   157 |   156 ||   401
Block: Buckler           |    24 |    68 |    55 ||   147

Table legend: (Time is in decaauts)
 A = Elapsed time spent in this place.
 B = Non-inter-level travel time spent in this place.
 C = Inter-level travel time spent in this place.
 D = Time resting spent in this place.
 E = Time spent auto-exploring this place.
 F = Levels seen in this place.
 G = Mean time per level.
                   A        B        C        D        E       F      G
               +--------+--------+--------+--------+--------+-----+--------+
         Total |   7160 |   6600 |    560 |    929 |   3591 |   9 |  795.6 |
       Dungeon |   6738 |   6178 |    560 |    929 |   3315 |   7 |  962.6 |
        Temple |    221 |    221 |      0 |      0 |    206 |   1 |  221.0 |
         Sewer |    200 |    200 |      0 |      0 |     69 |   1 |  200.0 |
               +--------+--------+--------+--------+--------+-----+--------+

Top non-repeatable levels by time:
     D:5: 1467 daAuts
     D:1: 1309 daAuts
     D:4: 972 daAuts
     D:7: 918 daAuts
     D:3: 761 daAuts
     D:6: 660 daAuts
     D:2: 648 daAuts
  Temple: 221 daAuts
   Sewer: 200 daAuts
